 Dungeon Crawl Stone Soup version 0.31.0-10-gcf4a605ca0 (webtiles) character file.

Game seed: 6388071671267046601

148 Gadfly the Ruffian (level 5, -1/38 HPs)
             Began as a Demonspawn Shapeshifter on Jan 26, 2024.
             Slain by Grinder (4 damage)
             ... on level 3 of the Dungeon.
             The game lasted 00:06:44 (2326 turns).

Gadfly the Ruffian (Demonspawn Shapeshifter)        Turns: 2326, Time: 00:06:46

Health: -1/38      AC:  4    Str: 16    XL:     5   Next: 8%
Magic:  5/5        EV: 12    Int: 11    God:
Gold:   131        SH:  0    Dex: 12    Spells: 4/4 levels left

rFire   . . .        b - +2 dagger (elec)
rCold   . . .        (no shield)
rNeg    . . .        l - +1 animal skin
rPois   +            a - melded +2 helmet
rElec   .            e - melded +0 cloak
rCorr   .            (gloves currently unavailable)
SInv    .            h - melded +1 pair of boots
Will    .....        (no amulet)
Stlth   +            i - ring of poison resistance
HPRegen 0.26/turn    j - ring of flight
MPRegen 0.09/turn

%: no passive effects
@: beast-form, flying
A: beast (slay +1), sharp scales 1, weakness stinger 1
a: Begin Untransformation


You were on level 3 of the Dungeon.
You were a hulking beast.
You visited 1 branch of the dungeon, and saw 3 of its levels.

You collected 131 gold pieces.

Inventory:

Hand Weapons
 b - a +2 dagger of electrocution (weapon)
 g - a +2 morningstar of freezing
Armour
 a - a +2 helmet (melded)
 e - a +0 cloak (melded)
 h - a +1 pair of boots (melded)
 l - a +1 animal skin (worn)
Jewellery
 i - a ring of poison resistance (left hand)
 j - a ring of flight (right hand)
Talismans
 c - a beast talisman (active)
 d - a flux talisman
Scrolls
 f - a scroll of blinking
Potions
 k - a potion of lignification


   Skills:
 + Level 2.0 Fighting
 + Level 2.7 Dodging
 + Level 3.2 Unarmed Combat
 * Level 2.4 Evocations
 + Level 3.1 Shapeshifting


You had 4 spell levels left.
You didn't know any spells.
Your spell library contained the following spells:

 Spells                   Type           Power      Damage    Failure   Level
 Call Canine Familiar     Summ           0%         N/A       71%         3
 Dazzling Flash           Conj/Hex       0%         N/A       71%         3
 Sigil of Binding         Hex            0%         N/A       71%         3
 Volatile Blastmotes      Fire/Tloc      0%         2d10      71%         3
 Dimensional Bullseye     Hex/Tloc       0%         N/A       98%         4
 Starburst                Conj/Fire      0%         6d3       100%        6
 Maxwell's Capacitive Co  Air            0%         ∞         100%        8


Dungeon Overview and Level Annotations

Branches:
Dungeon (3/15)

Altars:
Ashenzari
Ru

Shops:
D:2 (

Annotations:
D:3 Grinder


Innate Abilities, Weirdness & Mutations

You are a hulking beast.
Your limbs bulge with bestial killing power. (Slay +1)
You are partially covered in razor-sharp scales. (AC +1, Slay +1)
You have a small tail.


Message History

You are too injured to fight recklessly!
You are too injured to fight recklessly!
You are too injured to fight recklessly!
You are too injured to fight recklessly!
You are too injured to fight recklessly!
You are too injured to fight recklessly!
You are too injured to fight recklessly!
You are too injured to fight recklessly!
You hit Grinder. Lightning courses through Grinder!
Grinder is moderately wounded.
Grinder hits you.
You writhe in agony.
* * * LOW HITPOINT WARNING * * *
You hit Grinder. Lightning courses through Grinder!
Grinder is heavily wounded.
Grinder hits you but does no damage.
You hit Grinder but do no damage.
Grinder is heavily wounded.
Grinder hits you.
* * * LOW HITPOINT WARNING * * *
You writhe in agony.
* * * LOW HITPOINT WARNING * * *
Unknown command.
You hit Grinder.
Your tail-slap misses Grinder.
Grinder is severely wounded.
Grinder closely misses you.
Okay, then.
You closely miss Grinder.
Grinder is severely wounded.
Grinder closely misses you.
You closely miss Grinder.
Grinder is heavily wounded.
Grinder hits you but does no damage.
You hit Grinder.
Grinder is severely wounded.
Grinder says, "You look like you could use a good racking."
Grinder hits you.
* * * LOW HITPOINT WARNING * * *
You writhe in agony.
You die...
Grinder says, "Hey, I wasn't done torturing you yet!"

.....##......#
♣...♣♣
.....##......#
♣.....♣
.....######.##
♣♣.......
.....# #.#
♣...≈~≈.. #.#
#..≈≈~≈≈.
#.#####..~~♣~~.
#....##..≈≈~≈≈.
####.##...≈~≈..
#..h5.......
####.#.....#
#.....###
#######


You could see Grinder.

Vanquished Creatures
  Natasha (D:3)
  Robin (D:3)
  3 adders (D:2)
  3 ribbon worms (D:2)
  4 dart slugs
  4 orcs (D:3)
  2 bats
  9 endoplasms
  2 giant cockroaches
  12 goblins
  4 hobgoblins
  6 kobolds
  2 quokkas
  7 ball pythons
  A frilled lizard (D:3)
  3 rats (D:2)
64 creatures vanquished.

Notes
Turn   | Place    | Note
-------+----------+-------------------------------------------
     0 | D:1      | Gadfly the Demonspawn Shapeshifter began the quest for the
                  | Orb.
     0 | D:1      | Reached XP level 1. HP: 15/15 MP: 1/1
   184 | D:1      | Gained mutation: You have a small tail. [demonic ancestry]
   184 | D:1      | Reached XP level 2. HP: 11/21 MP: 2/2
   590 | D:1      | Reached skill level 1 in Evocations
   936 | D:2      | Reached XP level 3. HP: 20/26 MP: 3/3
   992 | D:2      | HP: 1/39 [poisoned by an adder]
  1546 | D:2      | Gained mutation: You are partially covered in razor-sharp
                  | scales. (AC +1, Slay +1) [demonic ancestry]
  1546 | D:2      | Reached XP level 4. HP: 32/32 MP: 4/4
  1557 | D:2      | Found Rixzief's Antique Weapon Boutique.
  1857 | D:3      | Found a faded altar of an unknown god.
  1861 | D:3      | Found a broken altar of Ashenzari.
  1918 | D:3      | Noticed Robin
  2116 | D:3      | Killed Robin
  2161 | D:3      | Noticed Natasha
  2168 | D:3      | Killed Natasha
  2169 | D:3      | Reached XP level 5. HP: 34/38 MP: 5/5
  2246 | D:3      | Found a sacrificial altar of Ru.
  2303 | D:3      | Noticed Grinder
  2306 | D:3      | Paralysed by Grinder for 5 turns
  2326 | D:3      | Slain by Grinder

Illustrated notes

Levels and vault maps discovered:
D:1:      sevenhm_arrival_forest_fort_small_4, layout_basic, minmay_pentomino_z4
D:2:      layout_rooms, serial_shops, shop
D:3:      layout_rooms, nicolae_overflow_ecumenical_swirl, hangedman_ru_absence,
          mainiacjoe_overflow_alcove_4, nicolae_kikubaaqudgha_miasma_corner,
          elyvilon_altar_3, uniq_grinder, uniq_robin, uniq_natasha

Skill      XL: |  1  2  3  4 |
---------------+-------------+-----
Dodging        | 2 |  2.7
Evocations     | 1 2 |  2.4
Unarmed Combat | 3 |  3.2
Shapeshifting  | 3 |  3.1
Fighting       | 2 |  2.0

Action                     |  1- 3 |  4- 6 || total
---------------------------+-------+-------++-------
  Melee: Unarmed           |    32 |       ||    32
         Dagger            |    63 |    90 ||   153
         Morningstar       |     6 |       ||     6
         Tailslap          |     7 |    11 ||    18
         Punch             |     2 |     3 ||     5
Ability: Begin Untransform |     1 |     2 ||     3
    Use: Scroll            |     4 |       ||     4
         Potion            |     3 |       ||     3
   Stab: Sleeping          |     1 |       ||     1
 Armour: Animal skin       |    55 |    59 ||   114
         Skin              |    10 |       ||    10
  Dodge: Dodged            |    51 |    79 ||   130
   Form: Beast             |     1 |     2 ||     3
